 Dungeon Crawl Stone Soup version 0.22-a0-322-g60b3cfd (webtiles) character file.

119 Kairos the Shield-Bearer (level 5, -6/41 HPs)
             Began as a Human Fighter on Apr 5, 2018.
             Mangled by an iguana (8 damage)
             ... on level 3 of the Dungeon.
             The game lasted 00:02:40 (1321 turns).

Kairos the Shield-Bearer (Human Fighter)            Turns: 1321, Time: 00:02:41

Health: -6/41      AC:  7    Str: 21    XL:     5   Next: 23%
Magic:  5/5        EV:  8    Int:  8    God:
Gold:   93         SH: 10    Dex: 16    Spells: 4/4 levels left

rFire    . . .     SeeInvis .   a - +0 flail
rCold    . . .     Gourm    .   c - +0 shield
rNeg     . . .     Faith    .   h - +0 ring mail
rPois    .         Spirit   .   (helmet restricted)
rElec    .         Reflect  .   (no cloak)
rCorr    .         Harm     .   (no gloves)
MR       .....                  j - +1 pair of boots
Stlth    +.........             n - amulet of rage
HPRegen  0.13/turn              (no ring)
MPRegen  0.09/turn              (no ring)

@: mighty
A: antennae 1, agile 1
a: Evoke Berserk Rage


You were on level 3 of the Dungeon.
You were not hungry.

You visited 1 branch of the dungeon, and saw 3 of its levels.

You collected 93 gold pieces.

Inventory:

Hand Weapons
 a - a +0 flail (weapon)
Armour
 b - a +0 scale mail
 c - a +0 shield (worn)
 h - a +0 ring mail (worn)
 j - a +1 pair of boots (worn)
Jewellery
 n - an amulet of rage (around neck)
Wands
 k - a wand of scattershot (1)
Scrolls
 g - a scroll of teleportation
 i - 2 scrolls of fog
 m - a scroll of blinking {unknown}
 p - a scroll of identify {unknown}
Potions
 e - a potion of haste {unknown}
 l - a potion of magic {unknown}
Comestibles
 f - 7 rations


   Skills:
 + Level 3.4 Fighting
 + Level 3.5 Maces & Flails
 + Level 3.2 Armour
 + Level 0.6 Dodging
 + Level 3.9 Shields


You had 4 spell levels left.
You didn't know any spells.

Dungeon Overview and Level Annotations

Branches:
Dungeon (3/15)

Altars:


Innate Abilities, Weirdness & Mutations

You have a pair of small antennae on your head.
You are agile. (Dex +2)


Message History

You hit the frilled lizard.
The frilled lizard is severely wounded.
The iguana bites you.
The orc hits you from afar with a trident.
The frilled lizard bites you. You block the hobgoblin's attack.
A giant cockroach comes into view.
You fail to use your ability.
The iguana bites you!
* * * LOW HITPOINT WARNING * * *
You block the orc's attack. The frilled lizard closely misses you.
The hobgoblin closely misses you.
A kobold comes into view. It is wielding a club.
You fail to use your ability.
The kobold shouts!
You block the iguana's attack.
The orc hits you from afar with a trident.
* * * LOW HITPOINT WARNING * * *
The frilled lizard barely misses you. You block the hobgoblin's attack.
You feel very mighty all of a sudden. The iguana bites you!
You die...

.........#
...K.....#
.......w.# #
.........# .#
.....?...###.
......SKo ..
#.....lg# .#
#....{#@##.#
#...[.#l#..####
#....os<....#
#......S......#
####..........#
....#..#######
.....#..# ...#
##.# ... #.#


You could see a worm, an iguana, an adder, 2 orcs, a giant cockroach, a
hobgoblin, a ball python, 2 kobolds and a frilled lizard.

Vanquished Creatures
  2 adders (D:2)
  4 gnolls (D:2)
  2 oozes (D:1)
  A dart slug (D:1)
  2 leopard geckos (D:1)
  9 bats
  2 giant cockroaches
  5 goblins
  5 hobgoblins
  6 jackals
  4 kobolds
  A ball python (D:1)
  4 frilled lizards
  5 rats
52 creatures vanquished.

Notes
Turn   | Place    | Note
-------+----------+-------------------------------------------
     0 | D:1      | Kairos the Human Fighter began the quest for the Orb.
     0 | D:1      | Reached XP level 1. HP: 18/18 MP: 1/1
    49 | D:1      | Reached XP level 2. HP: 19/24 MP: 2/2
   232 | D:1      | Reached XP level 3. HP: 26/29 MP: 3/3
   826 | D:1      | Gained mutation: You have a pair of small antennae on your head. [potion of mutation]
   826 | D:1      | Gained mutation: You are agile. (Dex +2) [potion of mutation]
   918 | D:2      | Reached XP level 4. HP: 27/35 MP: 4/4
  1180 | D:2      | Reached XP level 5. HP: 40/41 MP: 5/5
  1320 | D:3      | HP: 2/41 [orc/trident (6)]
  1321 | D:3      | Mangled by an iguana

Vault maps used:
D:1:      ncdulo_wetmaze
D:2:      first_ration
D:3:      kennysheep_six_static_rooms, uniq_crazy_yiuf_cottage

Skill      XL: |  1  2  3 |
---------------+----------+-----
Maces & Flails | 3 |  3.5
Fighting       | |  3.4
Armour         | |  3.2
Dodging        | |  0.6
Shields        | |  3.9

Action                   |  1- 3 |  4- 6 || total
-------------------------+-------+-------++-------
Melee: Flail             |   101 |    76 ||   177
  Use: Scroll            |     4 |       ||     4
       Potion            |     3 |     1 ||     4
  Eat: Chunk             |       |     2 ||     2
Armor: Scale mail        |     8 |       ||     8
       Ring mail         |    46 |    29 ||    75
Dodge: Dodged            |    40 |    34 ||    74
Block: Shield            |    56 |    49 ||   105

Table legend:
 A = Spawn XP
 B = Non-spawn XP
 C = Spawn XP percentage of total XP
 D = Spawn monster count
 E = Non-spawn monster count
 F = Spawn count percentage of total count
 G = Total turns spent on level
                    A         B        C        D         E        F      G
               +---------+---------+-------+---------+---------+-------+---------
         Total |       0 |     170 |   0.0 |       0 |      52 |   0.0 |  1321
               +---------+---------+-------+---------+---------+-------+---------
           D:1 |       0 |      63 |   0.0 |       0 |      29 |   0.0 |   883
           D:2 |       0 |     107 |   0.0 |       0 |      23 |   0.0 |   423
               +---------+---------+-------+---------+---------+-------+---------
